 Dungeon Crawl Stone Soup version 0.23.0 (webtiles) character file.

Game seed: 3970581526399378976

42 tidbits the Insei (level 3, 28/28 HPs)
             Began as a Gnoll Transmuter on Feb 14, 2019.
             Quit the game on level 2 of the Dungeon.
             The game lasted 00:03:51 (413 turns).

tidbits the Insei (Gnoll Transmuter)                 Turns: 413, Time: 00:03:52

Health: 28/28      AC:  2    Str: 12    XL:     3   Next: 56%
Magic:  7/9        EV: 23    Int: 16    God:
Gold:   109        SH:  0    Dex: 20    Spells: 6/12 levels left

rFire    . . .     SeeInvis .     - Unarmed
rCold    . . .     Gourm    +   (shield currently unavailable)
rNeg     . . .     Faith    .   (armour currently unavailable)
rPois    x         Spirit   .   (helmet currently unavailable)
rElec    .         Reflect  .   (cloak currently unavailable)
rCorr    .         Harm     .   (gloves currently unavailable)
MR       .....                  (boots currently unavailable)
Stlth    ++........             l - amulet of the gourmand
HPRegen  0.09/turn              (no ring)
MPRegen  0.11/turn              (no ring)

@: spider-form (expiring)
A: tiny, distributed training, strong nose
a: End Transformation


You were on level 2 of the Dungeon.
You were full.
You were a venomous arachnid creature.
You visited 1 branch of the dungeon, and saw 2 of its levels.

You collected 109 gold pieces.

Inventory:

Hand Weapons
 g - a cursed -3 hunting sling
 h - a +0 dagger
Missiles
 a - 11 arrows
 f - 8 tomahawks (quivered)
Armour
 b - a +0 robe (melded)
 n - a +0 helmet
 E - a +0 pair of boots (melded)
Jewellery
 l - an amulet of the gourmand (around neck)
   (You found it on level 2 of the Dungeon)
Scrolls
 i - 2 scrolls of remove curse {unknown}
 j - 3 scrolls of identify {unknown}
Potions
 c - a potion of berserk rage {unknown}
 e - a potion of might {unknown}
 k - a potion of curing {unknown}
 m - a potion of haste {unknown}
Comestibles
 d - 2 rations


   Skills:
 + Level 2.6 Fighting
 + Level 0.8 Short Blades
 + Level 0.8 Long Blades
 + Level 0.8 Axes
 + Level 0.8 Maces & Flails
 + Level 0.8 Polearms
 + Level 0.8 Staves
 + Level 0.8 Slings
 + Level 0.8 Bows
 + Level 0.8 Crossbows
 + Level 0.8 Throwing
 + Level 0.8 Armour
 + Level 4.5 Dodging
 + Level 0.8 Stealth
 + Level 0.8 Shields
 + Level 6.5 Unarmed Combat
 + Level 5.0 Spellcasting
 + Level 0.5 Conjurations
 + Level 0.5 Hexes
 + Level 0.5 Charms
 + Level 0.5 Summonings
 + Level 0.5 Necromancy
 + Level 0.5 Translocations
 + Level 3.7 Transmutations
 + Level 0.5 Fire Magic
 + Level 0.5 Ice Magic
 + Level 0.5 Air Magic
 + Level 0.5 Earth Magic
 + Level 0.5 Poison Magic
 + Level 1.0 Invocations
 + Level 0.8 Evocations


You had 6 spell levels left.
You knew the following spells:

 Your Spells              Type           Power        Failure   Level  Hunger
e - Beastly Appendage     Tmut           ###...       11%         1    None
k - Sticks to Snakes      Tmut           ###.....     14%         2    #......
p - Spider Form           Tmut/Pois      ##........   38%         3    ###....

Your spell library contained the following spells:

 Spells                   Type           Power        Failure   Level  Hunger
 Ice Form                 Ice/Tmut       ##......     73%         4    ####...
 Blade Hands              Tmut           ###.......   83%         5    ######.


Dungeon Overview and Level Annotations

Branches:
Dungeon (2/15)

Altars:


Innate Abilities, Weirdness & Mutations

Your experience applies equally to all skills.
((You have very sharp teeth.))
Your uncanny sense of smell can sniff out nearby items.


Message History

You kill the hobgoblin!
The rat misses you.
You hit the rat.
You kill the rat!
A giant cockroach comes into view.
The giant cockroach closely misses you.
You see here a +0 club.
You hit the giant cockroach but do no damage.
The giant cockroach bites you but does no damage.
The giant cockroach barely misses you.
You hit the giant cockroach but do no damage.
The giant cockroach is poisoned.
The giant cockroach barely misses you.
You barely miss the giant cockroach.
The giant cockroach is severely wounded.
The giant cockroach misses you.
The giant cockroach completely misses you.
You hit the giant cockroach.
You kill the giant cockroach!
The giant cockroach bites you but does no damage.
The giant cockroach completely misses you.
You hit the giant cockroach.
The giant cockroach is severely wounded.
The giant cockroach closely misses you.
You bite the giant cockroach!
You kill the giant cockroach!
The giant cockroach misses you.
You hit the giant cockroach.
The giant cockroach is moderately wounded.
The giant cockroach completely misses you.
You hit the giant cockroach.
You kill the giant cockroach!
Things that are here:
a giant cockroach corpse x2
Your transformation is almost over.
You see here a fuming emerald potion.
m - a fuming emerald potion Your magical contamination has completely faded away.
Your transformation has ended.
Your +0 pair of boots unmelds from your body.
Your +0 robe unmelds from your body.
Unknown command.
Found a helmet.
A giant cockroach comes into view.
Unknown command.
Casting: Spider Form (safe; 19% risk of failure)
Confirm with . or Enter, or press ? or * to list all spells.
You grow a pair of large bovine horns.
The giant cockroach barely misses you. The giant cockroach closely misses you.
You hit the giant cockroach.
The giant cockroach is severely wounded.
The giant cockroach bites you but does no damage.
You hit the giant cockroach.
You kill the giant cockroach!
You see here a helmet.
n - a helmet A giant cockroach comes into view.
Unknown command.
A giant cockroach comes into view.
The giant cockroach waves its antennae.
The giant cockroach completely misses you.
You completely miss the giant cockroach.
You headbutt the giant cockroach, but do no damage.
The giant cockroach barely misses you. The giant cockroach closely misses you.
You hit the giant cockroach.
You kill the giant cockroach!
Your Invocations skill increases to level 1!
The giant cockroach closely misses you.
You hit the giant cockroach but do no damage.
Your headbutt misses the giant cockroach.
The giant cockroach misses you.
You hit the giant cockroach but do no damage.
Your headbutt misses the giant cockroach.
The giant cockroach bites you but does no damage.
You punch the giant cockroach!
You kill the giant cockroach!
No target in view!
Unknown command.
Your transformation is almost over.
Unknown command.
Your horns disappear.
Unknown command.
HP restored.
Unknown command.
The jackal bites you but does no damage.
The jackal closely misses you.
Casting: Beastly Appendage (safe; 3% risk of failure)
Confirm with . or Enter, or press ? or * to list all spells.
You turn into a venomous arachnid creature.
Your +0 pair of boots melds into your body.
Your +0 robe melds into your body.
The jackal completely misses you.
Unknown command.
You bite the jackal!
You kill the jackal!
You open the door.
Unknown command.
There is an open door here.
Unknown command.
Your transformation is almost over.
Unknown command.
Are you sure you want to abandon this character and quit the game? (Confirm with "yes".)

# #.##....##........#
#.#.##....####......#####
#....#.##........#..[.#..
###..#'##........#....#..
#................#....#..
#.#..†....########....#.g
#.##..................'h.
#.##.......##.....†...###
........s..##...........#
####...............<...#
#..........##.......#
#....#............###
#.................##.
#.................##.
#...............†.##.
#................)...
##'###...............


There were no monsters in sight!

Vanquished Creatures
  An adder (D:2)
  A leopard gecko (D:2)
  7 giant cockroaches
  4 goblins
  3 hobgoblins
  4 jackals (D:2)
  4 kobolds (D:1)
  2 bats (D:1)
  2 frilled lizards (D:1)
  3 rats
31 creatures vanquished.

Notes
Turn   | Place    | Note
-------+----------+-------------------------------------------
     0 | D:1      | tidbits the Gnoll Transmuter began the quest for the Orb.
     0 | D:1      | Reached XP level 1. HP: 17/17 MP: 6/6
    53 | D:1      | Reached XP level 2. HP: 17/23 MP: 7/7
   123 | D:1      | Learned a level 2 spell: Sticks to Snakes
   283 | D:2      | Reached skill level 5 in Spellcasting
   283 | D:2      | Reached XP level 3. HP: 20/28 MP: 4/9
   288 | D:2      | Learned a level 3 spell: Spider Form
   351 | D:2      | Reached skill level 1 in Invocations
   413 | D:2      | Quit the game

Skill      XL: |  1  2  3 |
---------------+----------+-----
Spellcasting   | 5 |  5.0
Invocations    | 1 |  1.0
Fighting       | |  2.6
Short Blades   | |  0.8
Long Blades    | |  0.8
Axes           | |  0.8
Maces & Flails | |  0.8
Polearms       | |  0.8
Staves         | |  0.8
Slings         | |  0.8
Bows           | |  0.8
Crossbows      | |  0.8
Throwing       | |  0.8
Armour         | |  0.8
Dodging        | |  4.5
Stealth        | |  0.8
Shields        | |  0.8
Unarmed Combat | |  6.5
Conjurations   | |  0.5
Hexes          | |  0.5
Charms         | |  0.5
Summonings     | |  0.5
Necromancy     | |  0.5
Translocations | |  0.5
Transmutations | |  3.7
Fire Magic     | |  0.5
Ice Magic      | |  0.5
Air Magic      | |  0.5
Earth Magic    | |  0.5
Poison Magic   | |  0.5
Evocations     | |  0.8

Action                   || total
-------------------------++-------
Melee: Unarmed           ||    77
       Bite              ||     7
       Kick              ||     5
       Punch             ||     2
       Headbutt          ||     3
Throw: Tomahawk          ||     1
 Cast: Beastly Appendage ||     7
       Sticks to Snakes  ||     1
       Spider Form       ||     2
  Eat: Ration            ||     1
Armor: Robe              ||    11
       Skin              ||     2
Dodge: Dodged            ||    78

Table legend:
 A = Turns spent in this place as a percentage of turns spent in the entire game.
 B = Non-inter-level travel turns spent in this place as a percentage of non-inter-level travel turns spent in the entire game.
 C = Inter-level travel turns spent in this place as a percentage of turns spent in this place.
 D = Turns resting spent in this place as a percentage of non-inter-level travel turns spent in this place.
 E = Turns spent auto-exploring this place as a percentage of non-inter-level travel turns spent in this place.
 F = Non-inter-level travel turns spent in this place divided by the number of levels of this place that you've seen.
                   A       B       C       D       E      F
               +-------+-------+-------+-------+-------+----------------------
         Total | 100.0 | 100.0 |   0.0 |   0.0 |   0.0 | 206.5
       Dungeon | 100.0 | 100.0 |   0.0 |   0.0 |   0.0 | 206.5
               +-------+-------+-------+-------+-------+----------------------

Table legend:
 A = Kills in this place as a percentage of kills in entire the game.
 B = Kills by you in this place as a percentage of kills by you in the entire game.
 C = Kills by friends in this place as a percentage of kills by friends in the entire game.
 D = Other kills in this place as a percentage of other kills in the entire game.
 E = Experience gained in this place as a percentage of experience gained in the entire game.
 F = Experience gained in this place divided by the number of levels of this place that you have seen.
                   A       B       C       D       E      F
               +-------+-------+-------+-------+-------+----------------------
         Total | 100.0 | 100.0 |   N/A |   N/A | 100.0 |  30.5
       Dungeon | 100.0 | 100.0 |   N/A |   N/A | 100.0 |  30.5
               +-------+-------+-------+-------+-------+----------------------

Levels and vault maps discovered:
D:1:      dpeg_arrival_houses_and_road, layout_rooms, minmay_pentomino_x2
D:2:      layout_basic, first_ration, chequers_ecumenical_altar_twisty,
          minmay_worlds_worst_comb
